[Event "Titled Tuesday Blitz July 4 Early 2023"]
[White "Janaszak, Dawid"]
[Black "Goncalves, Davi Sulzbacher"]
[WhiteFideId "1119206"]
[BlackFideId "2154510"]
[WhiteElo "2588"]
[BlackElo "2447"]
[Result "1-0"]
[Round "7"]
[TimeControl "180+2"]
[Date "2023.07.04"]
[WhiteClock "0:01:00"]
[BlackClock "0:00:00"]
[Board "98"]

1. e4 c6 2. d4 d5 3. exd5 cxd5 4. Bd3 Nf6 5. c3 e6 6. Bf4 Be7 7. Nf3 O-O 8. O-O Nc6 9. Nbd2 Bd7 10. Qe2 Qb6 11. Rab1 Rfc8 12. h4 Be8 13. Ne5 Qd8 14. h5 Nd7 15. Ndf3 Ndxe5 16. dxe5 a5 17. Nh2 a4 18. Ng4 d4 19. Rfd1 a3 20. Qe4 g6 21. hxg6 hxg6 22. Bc4 axb2 23. cxd4 Nb4 24. Be2 Nxa2 25. Nf6+ Bxf6 26. exf6 Nc3 27. Qe5 Ra5 28. d5 Rxd5 29. Rxd5 Qxd5 30. Rxb2 Nxe2+ 31. Qxe2 Qd4 32. Qe5 Qd1+ 33. Kh2 Qh5+ 34. Qxh5 gxh5 35. Rxb7 Kh7 36. Be5 Kg6 37. f4 Rc3 38. Rb8 Rc2 39. Rxe8 1-0


[Site "https://www.chess.com"]

[Event "Titled Tuesday Blitz July 4 Early 2023"]
[White "Ezat, Mohamed"]
[Black "Ladan, Nicholas"]
[WhiteFideId "10600906"]
[BlackFideId "30918855"]
[WhiteElo "2580"]
[BlackElo "2443"]
[Result "0-1"]
[Round "7"]
[TimeControl "180+2"]
[Date "2023.07.04"]
[WhiteClock "0:00:00"]
[BlackClock "0:00:10"]
[Board "99"]

1. d4 b6 2. c4 Bb7 3. Nc3 e6 4. e4 Bb4 5. Bd2 Bxc3 6. Bxc3 Bxe4 7. Qg4 Bg6 8. h4 Nf6 9. Qf4 d6 10. Nf3 O-O 11. O-O-O b5 12. g4 bxc4 13. Bxc4 Nd5 14. Bxd5 exd5 15. g5 Bh5 16. Rde1 Nd7 17. Ng1 Nb6 18. Ne2 Bxe2 19. Rxe2 Na4 20. h5 Nxc3 21. bxc3 Re8 22. Rhe1 Qd7 23. h6 Rxe2 24. Rxe2 Rb8 25. hxg7 Qh3 26. Kc2 Qf1 27. Qf3 Qb1+ 28. Kd2 Rb2+ 29. Ke3 Qc1+ 30. Kd3 Qd1+ 31. Ke3 Rxe2+ 32. Qxe2 Qxe2+ 33. Kxe2 Kxg7 34. f4 Kg6 35. Kf3 Kf5 36. Kg3 c5 37. a4 a5 38. Kf3 f6 39. gxf6 Kxf6 40. Kg4 Kg6 41. f5+ Kf6 42. Kf4 h5 43. Kf3 Kxf5 44. Kg3 Ke4 45. Kh4 cxd4 46. c4 dxc4 47. Kxh5 c3 48. Kg6 c2 49. Kf6 c1=Q 50. Ke6 Qc5 0-1


[Site "https://www.chess.com"]

[Event "Titled Tuesday Blitz July 4 Early 2023"]
[White "Streltsov, Alexey"]
[Black "Becerra, Juan David"]
[WhiteFideId "24104434"]
[BlackFideId "4404998"]
[WhiteElo "2442"]
[BlackElo "2574"]
[Result "1-0"]
[Round "7"]
[TimeControl "180+2"]
[Date "2023.07.04"]
[WhiteClock "0:00:39"]
[BlackClock "0:00:00"]
[Board "100"]

1. d4 d5 2. Bf4 Nf6 3. e3 Bg4 4. f3 Bh5 5. g4 Bg6 6. h4 h6 7. Bd3 Bxd3 8. Qxd3 e6 9. Nc3 Bd6 10. Nge2 Nc6 11. O-O-O Nd7 12. e4 Bxf4+ 13. Nxf4 dxe4 14. fxe4 Nb6 15. d5 exd5 16. exd5 Ne5 17. Rhe1 Nd7 18. Qf5 O-O 19. Rxe5 Nxe5 20. Qxe5 Re8 21. Qh5 Qf6 22. Nd3 Rad8 23. g5 Qf5 24. Rg1 c6 25. Qg4 Qxg4 26. Rxg4 hxg5 27. Rxg5 f6 28. Rf5 cxd5 29. Nxd5 Kf7 30. N5f4 g6 31. Rc5 Rd7 32. b4 Re4 33. Kb2 b6 34. Rc8 g5 35. hxg5 fxg5 36. Nh5 Re3 37. Rh8 Kg6 38. Ng3 Rdxd3 39. cxd3 Rxg3 40. Kc3 Rf3 41. a4 Rf7 42. d4 Rc7+ 43. Kd3 Kf5 44. Rg8 a5 45. b5 Rc1 46. Rb8 Ra1 47. Rxb6 Rxa4 48. Rb8 g4 49. b6 Rb4 50. b7 a4 51. Rf8+ Kg5 52. b8=Q Rxb8 53. Rxb8 g3 54. Ke2 1-0


[Site "https://www.chess.com"]

[Event "Titled Tuesday Blitz July 4 Early 2023"]
[White "Vivas Zamora, Fabian Ernesto"]
[Black "Arat, Ufuk Sezen"]
[WhiteFideId "3902480"]
[BlackFideId "6309089"]
[WhiteElo "2435"]
[BlackElo "2572"]
[Result "0-1"]
[Round "7"]
[TimeControl "180+2"]
[Date "2023.07.04"]
[WhiteClock "0:00:02"]
[BlackClock "0:00:13"]
[Board "101"]

1. e4 c5 2. Nf3 e6 3. d4 cxd4 4. Nxd4 Nc6 5. Nc3 Qc7 6. Be3 a6 7. Qf3 Ne5 8. Qg3 h5 9. O-O-O h4 10. Qh3 b5 11. f4 Nc4 12. Bxc4 Qxc4 13. Kb1 Bb7 14. f5 Nf6 15. e5 Nd5 16. Nxd5 Bxd5 17. b3 Qc7 18. fxe6 dxe6 19. Nf5 Be4 20. Nd4 Be7 21. Rhe1 Rc8 22. Re2 Qxe5 23. Bc1 O-O 24. Bb2 Qh5 25. g4 Qh7 26. Rde1 Bg6 27. Nf5 exf5 28. Rxe7 fxg4 29. Qxg4 Rxc2 30. Ka1 Bf5 31. Qd4 Rcc8 32. Rg1 Bg6 33. Rd7 Rfe8 34. a3 h3 35. Ka2 a5 36. Qd6 a4 37. b4 Qh6 38. Qd5 Rc2 39. Ka1 Rce2 40. Rxf7 Bxf7 41. Bxg7 Bxd5 42. Bxh6+ Rg2 43. Bc1 0-1


[Site "https://www.chess.com"]

[Event "Titled Tuesday Blitz July 4 Early 2023"]
[White "Gontcharov, Vladislav"]
[Black "Bueno, Alfeu Junior Varela"]
[WhiteFideId "4123492"]
[BlackFideId "2108879"]
[WhiteElo "2572"]
[BlackElo "2437"]
[Result "1-0"]
[Round "7"]
[TimeControl "180+2"]
[Date "2023.07.04"]
[WhiteClock "0:00:17"]
[BlackClock "0:00:00"]
[Board "102"]

1. d4 e6 2. c4 f5 3. Nc3 Bb4 4. Qc2 b6 5. Nf3 Bb7 6. e3 Nf6 7. Bd3 O-O 8. a3 Bxc3+ 9. Qxc3 d6 10. d5 Ne4 11. Bxe4 fxe4 12. Nd4 Qf6 13. Nxe6 Qxf2+ 14. Kd1 Qxg2 15. Re1 Rf2 16. Bd2 Nd7 17. Kc2 Ne5 18. Rg1 Rxd2+ 19. Qxd2 Qxd2+ 20. Kxd2 Nf3+ 21. Kc3 Nxg1 22. Rxg1 g6 23. Kd4 c6 24. Kxe4 Rc8 25. Nf4 cxd5+ 26. cxd5 Rc2 27. h4 Kf7 28. h5 gxh5 29. Nxh5 Bxd5+ 30. Kd3 Rxb2 31. Rg7+ Ke6 32. Nf4+ Kf6 33. Rxa7 Bf7 34. a4 h5 35. Ra8 h4 36. Rh8 Kg5 37. Rf8 Kf6 38. Rh8 Kg5 39. Rh7 Ba2 40. Rg7+ 1-0


[Site "https://www.chess.com"]

[Event "Titled Tuesday Blitz July 4 Early 2023"]
[White "Nefedov, Sergey"]
[Black "KorolDimitriy75"]
[WhiteFideId "24113417"]
[WhiteElo "2569"]
[BlackElo "2432"]
[Result "1-0"]
[Round "7"]
[TimeControl "180+2"]
[Date "2023.07.04"]
[WhiteClock "0:00:22"]
[BlackClock "0:00:00"]
[Board "103"]

1. d4 Nf6 2. Nf3 g6 3. c4 c5 4. d5 b5 5. cxb5 a6 6. bxa6 Bxa6 7. Nc3 d6 8. e4 Bxf1 9. Kxf1 Bg7 10. g3 O-O 11. Kg2 Nbd7 12. Re1 Ng4 13. Qc2 Qa5 14. Bd2 Qa6 15. a4 Rfb8 16. Nb5 Rb7 17. Ra3 Nge5 18. Nxe5 Nxe5 19. Bc3 Nc4 20. Raa1 Bxc3 21. Qxc3 Nb6 22. b3 Rab8 23. Qf3 Na8 24. e5 Nc7 25. exd6 exd6 26. Re7 Rf8 27. Nxc7 Qa5 28. Qf6 Rxc7 29. Qxd6 Rcc8 30. Qe5 Rcd8 31. Rd1 Qb4 32. Rd3 c4 33. bxc4 Qxc4 34. Qe4 Qc2 35. d6 Rxd6 36. Rxd6 Qc8 37. Rdd7 1-0


[Site "https://www.chess.com"]

[Event "Titled Tuesday Blitz July 4 Early 2023"]
[White "Przybylski, Wojciech"]
[Black "Grossboss19"]
[WhiteFideId "1117599"]
[WhiteElo "2563"]
[BlackElo "2429"]
[Result "0-1"]
[Round "7"]
[TimeControl "180+2"]
[Date "2023.07.04"]
[WhiteClock "0:00:13"]
[BlackClock "0:00:11"]
[Board "104"]

1. d4 Nf6 2. Nd2 d5 3. g3 Bf5 4. Bh3 Bxh3 5. Nxh3 e6 6. Nf4 Nbd7 7. c4 c6 8. Qb3 Qb6 9. Qxb6 axb6 10. cxd5 exd5 11. Nb3 Bd6 12. f3 O-O 13. Kf2 b5 14. e3 Bxf4 15. gxf4 Nb6 16. Nd2 Nc4 17. b3 Nxd2 18. Bxd2 Ra6 19. Bb4 Rfa8 20. a3 Re8 21. Rac1 Raa8 22. Rhg1 Kh8 23. Rg5 Nd7 24. h4 h6 25. Rg2 Rg8 26. f5 Nf6 27. Rcg1 Rae8 28. Bd6 Nd7 29. Re1 Nf6 30. Ke2 Rd8 31. Be7 Rde8 32. Bd6 Rd8 33. Bb4 Ne8 34. Kd3 Nd6 35. e4 Rge8 36. Rge2 f6 37. h5 Kg8 38. Rg1 Kf7 39. Reg2 Rg8 40. Rg4 b6 41. Rc1 dxe4+ 42. fxe4 c5 43. Bd2 c4+ 44. Kc3 Rge8 45. Re1 cxb3 46. Kxb3 Nc4 47. Bb4 Rxd4 48. Reg1 Rg8 49. Bc3 Rd3 50. a4 Ne5 51. axb5 Nxg4 52. Kc4 Rf3 53. Bd4 Ne5+ 54. Kb4 Nd3+ 55. Kc4 Rc8+ 56. Kd5 Nb4+ 57. Kd6 Rd3 58. Kd7 Rc4 59. Rxg7+ Kxg7 60. Ke6 Rdxd4 61. e5 Re4 62. Kd6 Red4+ 63. Ke6 Re4 64. Kd6 Rcd4+ 65. Kc7 Rxe5 66. Kxb6 Nd3 67. Kc6 Rb4 68. b6 Rxb6+ 69. Kxb6 Rxf5 70. Kc6 Rxh5 71. Kd6 Nf4 72. Ke7 Rg5 73. Kd6 h5 74. Ke7 h4 75. Kd6 h3 76. Kc6 h2 77. Kd6 h1=Q 78. Kd7 Qd5+ 79. Kc7 Qc5+ 80. Kd7 Rd5+ 81. Ke8 Qc8+ 82. Ke7 Qd8# 0-1


[Site "https://www.chess.com"]

[Event "Titled Tuesday Blitz July 4 Early 2023"]
[White "FuenfgegenWilly"]
[Black "Frolyanov, Dmitry"]
[BlackFideId "4151976"]
[WhiteElo "2404"]
[BlackElo "2557"]
[Result "1-0"]
[Round "7"]
[TimeControl "180+2"]
[Date "2023.07.04"]
[WhiteClock "0:00:13"]
[BlackClock "0:00:04"]
[Board "105"]

1. d4 d5 2. c4 e6 3. Nc3 c6 4. e3 Bd6 5. Nf3 f5 6. b3 Nf6 7. Be2 O-O 8. O-O Nbd7 9. a4 a5 10. Ba3 Bxa3 11. Rxa3 b6 12. cxd5 exd5 13. Ra2 Bb7 14. Bd3 Ne4 15. Rc2 Qe7 16. Ne2 Rae8 17. h4 Ndf6 18. Nf4 Ng4 19. Bxe4 fxe4 20. Ng5 Qd7 21. Nfe6 Rxe6 22. Qxg4 Re7 23. Qxd7 Rxd7 24. Ne6 Rf6 25. Nf4 g6 26. g3 h6 27. Kg2 Rdf7 28. Rh1 Kf8 29. g4 Rxf4 30. exf4 Rxf4 31. g5 h5 32. Rh3 Ke7 33. f3 e3 34. Re2 Rxd4 35. Rxe3+ Kd6 36. Kg3 Bc8 37. Rh2 Bf5 38. Rhe2 Kc5 39. Rc3+ Kd6 40. Re8 Rb4 41. Rce3 d4 42. Re1 Rxb3 43. Rd8+ Kc7 44. Rxd4 Rb4 45. Re7+ Kc8 46. Rd6 c5 47. Rf6 Rd4 48. Rff7 Rd7 49. Rxd7 Bxd7 50. Rf6 Be8 51. Rxb6 Kc7 52. Ra6 c4 53. Rxa5 Kb6 54. Ra8 c3 55. Rxe8 1-0


[Site "https://www.chess.com"]

[Event "Titled Tuesday Blitz July 4 Early 2023"]
[White "Sowa, Ryan"]
[Black "Kuznetsov, Mikhail"]
[WhiteFideId "30901693"]
[BlackFideId "4117190"]
[WhiteElo "2551"]
[BlackElo "2414"]
[Result "1/2-1/2"]
[Round "7"]
[TimeControl "180+2"]
[Date "2023.07.04"]
[WhiteClock "0:00:37"]
[BlackClock "0:00:03"]
[Board "106"]

1. Nf3 Nf6 2. b3 g6 3. Bb2 Bg7 4. g3 O-O 5. Bg2 d6 6. d4 Nbd7 7. O-O e5 8. dxe5 Ng4 9. c4 Ngxe5 10. Nxe5 dxe5 11. Nc3 c6 12. Ne4 Qe7 13. Qd6 Qxd6 14. Nxd6 Nc5 15. Nxc8 Rfxc8 16. Rfd1 Rd8 17. Kf1 Ne6 18. Ke1 Kf8 19. Rxd8+ Rxd8 20. Rd1 Rxd1+ 21. Kxd1 f5 22. e4 f4 23. Kd2 Ke7 24. h4 Kd6 25. Bh3 Bh6 26. Ke2 fxg3 27. fxg3 Nd4+ 28. Kd3 c5 29. Bc3 b6 30. b4 Bc1 31. a4 Ba3 32. bxc5+ Bxc5 33. a5 Nc6 34. axb6 axb6 35. Be1 Bb4 36. Bf2 Bc5 37. Be1 Nd4 38. Bc8 Nf3 39. Bc3 Bd4 40. Bb4+ Bc5 41. Bc3 Bd4 42. Bb4+ Bc5 43. Bc3 1/2-1/2


[Site "https://www.chess.com"]

[Event "Titled Tuesday Blitz July 4 Early 2023"]
[White "Rozhkov, Viacheslav"]
[Black "Thecourseoisildur"]
[WhiteFideId "4181484"]
[WhiteElo "2401"]
[BlackElo "2549"]
[Result "0-1"]
[Round "7"]
[TimeControl "180+2"]
[Date "2023.07.04"]
[WhiteClock "0:00:05"]
[BlackClock "0:00:08"]
[Board "107"]

1. e4 c5 2. Nf3 d6 3. d4 cxd4 4. Nxd4 Nf6 5. Nc3 a6 6. f4 e5 7. Nf3 Nbd7 8. a4 Be7 9. Bd3 O-O 10. O-O exf4 11. Kh1 Nc5 12. Bxf4 Bg4 13. Qe1 Bh5 14. Nh4 Bg6 15. Nxg6 hxg6 16. Rd1 Qb6 17. b3 Rac8 18. Bc4 Rfe8 19. Bg5 Qb4 20. Qg3 Ncd7 21. Bxf6 Nxf6 22. Rxf6 Bxf6 23. Nd5 Rxc4 24. Nxb4 Rxb4 25. Qxd6 Rbxe4 26. g3 Re2 27. Qd3 Rf2 28. Rf1 Rfe2 29. b4 R8e3 30. Qc4 Rd2 31. Qc8+ Bd8 32. Qxb7 Ree2 33. Qxf7+ Kh7 34. Rf4 Rxh2+ 35. Kg1 Bb6+ 36. Rf2 Rdxf2 37. Qb7 Rhg2+ 38. Kh1 Be3 39. Qxg2 Rxg2 40. Kxg2 Kg8 41. Kf3 Bb6 42. Ke4 Kf7 43. Kd5 Ke7 44. Kc6 Bf2 45. b5 axb5 46. axb5 Bxg3 47. c4 g5 48. c5 g4 49. b6 Bf4 50. Kb7 g3 51. c6 g2 52. c7 g1=Q 53. c8=Q Qg2+ 54. Ka7 Qa2+ 55. Kb7 Qd5+ 56. Ka7 Be3 57. Qc7+ Qd7 58. Kb8 Qxc7+ 59. bxc7 Bf4 60. Kb7 Bxc7 61. Kxc7 g5 62. Kc6 g4 63. Kd5 g3 64. Ke4 g2 65. Kf3 g1=Q 0-1


[Site "https://www.chess.com"]

[Event "Titled Tuesday Blitz July 4 Early 2023"]
[White "Wartiovaara, Oliver"]
[Black "Lana Rodriguez, David"]
[WhiteFideId "513024"]
[BlackFideId "2270803"]
[WhiteElo "2392"]
[BlackElo "2548"]
[Result "0-1"]
[Round "7"]
[TimeControl "180+2"]
[Date "2023.07.04"]
[WhiteClock "0:00:10"]
[BlackClock "0:01:53"]
[Board "108"]

1. d4 Nf6 2. Nf3 e6 3. Bf4 c5 4. e3 Qb6 5. Nc3 d5 6. Nb5 Na6 7. c4 cxd4 8. Qxd4 Bc5 9. Qe5 O-O 10. Bd3 Bd7 11. Bg5 Bb4+ 12. Ke2 Ne4 13. Bxe4 dxe4 14. Qxe4 Nc5 15. Qc2 Bxb5 16. a3 Ba4 17. Qb1 Bb3 18. axb4 Bxc4+ 19. Ke1 Qxb4+ 20. Nd2 Nd3+ 21. Ke2 Ne5+ 22. Ke1 Bd3 23. Qd1 Ba6 24. Qb3 Nd3+ 25. Ke2 Nc5+ 26. Rxa6 Nxb3 0-1


[Site "https://www.chess.com"]

[Event "Titled Tuesday Blitz July 4 Early 2023"]
[White "WindWhistler11"]
[Black "Kukreja Sankalp"]
[BlackFideId "45027676"]
[WhiteElo "2548"]
[BlackElo "2392"]
[Result "0-1"]
[Round "7"]
[TimeControl "180+2"]
[Date "2023.07.04"]
[WhiteClock "0:00:00"]
[BlackClock "0:02:04"]
[Board "109"]

1. Nf3 d5 2. c4 c6 3. g3 Nf6 4. Bg2 dxc4 5. Na3 b5 6. b3 cxb3 7. Ne5 Qd4 8. Nxc6 Qxa1 9. Nxb5 b2 10. Nc7+ Kd7 11. Ne5+ Kxc7 12. Qc2+ Kd8 13. Nxf7+ Ke8 14. Qxc8+ Kxf7 15. Qc4+ e6 16. O-O bxc1=Q 17. Rxc1 Qe5 0-1


[Site "https://www.chess.com"]

[Event "Titled Tuesday Blitz July 4 Early 2023"]
[White "Bruedigam, Martin"]
[Black "Topalov, Aleksandar"]
[WhiteFideId "24608033"]
[BlackFideId "925659"]
[WhiteElo "2540"]
[BlackElo "2389"]
[Result "1-0"]
[Round "7"]
[TimeControl "180+2"]
[Date "2023.07.04"]
[WhiteClock "0:01:12"]
[BlackClock "0:00:01"]
[Board "110"]

1. c4 Nf6 2. g3 g6 3. Bg2 Bg7 4. Nc3 O-O 5. Nf3 c5 6. O-O Nc6 7. d3 a6 8. a3 Rb8 9. Rb1 b5 10. cxb5 axb5 11. b4 cxb4 12. axb4 d5 13. Bf4 Rb6 14. Ne5 Nxe5 15. Bxe5 d4 16. Bxf6 Bxf6 17. Ne4 Be5 18. Nc5 Be6 19. Ra1 Bd5 20. Bxd5 Qxd5 21. Qd2 Rd8 22. Rfc1 Bd6 23. Ne4 Rc6 24. Rxc6 Qxc6 25. Rc1 Qd5 26. Nxd6 Qxd6 27. Rc5 Rb8 28. h4 Kg7 29. Kg2 h6 30. Qf4 Qd8 31. Qe5+ f6 32. Qe6 Rb6 33. Qe4 e5 34. h5 gxh5 35. Qf5 Qe7 36. Qxh5 Rb7 37. Qg4+ Kh7 38. Rc8 Qg7 39. Qf5+ Qg6 40. Rh8+ Kg7 41. Rg8+ Kxg8 42. Qxg6+ 1-0


[Site "https://www.chess.com"]

[Event "Titled Tuesday Blitz July 4 Early 2023"]
[White "Fernandez Siles, Luis"]
[Black "Namitbir Singh Walia"]
[WhiteFideId "2209420"]
[BlackFideId "35071068"]
[WhiteElo "2385"]
[BlackElo "2536"]
[Result "0-1"]
[Round "7"]
[TimeControl "180+2"]
[Date "2023.07.04"]
[WhiteClock "0:00:36"]
[BlackClock "0:00:09"]
[Board "111"]

1. d4 d5 2. c4 c6 3. Nc3 Nf6 4. cxd5 cxd5 5. Bf4 Nc6 6. e3 a6 7. Bd3 g6 8. h3 Bg7 9. Nf3 O-O 10. O-O Bf5 11. Bxf5 gxf5 12. Ne5 e6 13. Rc1 Rc8 14. f3 Nxe5 15. Bxe5 Kh8 16. g4 Rg8 17. gxf5 Nh5 18. Kh2 Bxe5+ 19. dxe5 Qg5 20. Rg1 Qxe3 21. Ne2 Qf2+ 22. Kh1 Qxf3+ 23. Kh2 Qf2+ 24. Kh1 Rxg1+ 25. Qxg1 Rxc1 26. Qxc1 Qf3+ 27. Kg1 Qxe2 28. Qc8+ Kg7 29. f6+ Nxf6 30. exf6+ Kxf6 31. Qc3+ Qe5 32. Qf3+ Kg6 33. h4 Qd4+ 34. Kh2 Qxh4+ 35. Kg1 Qg5+ 36. Kh2 Qh5+ 0-1


[Site "https://www.chess.com"]

[Event "Titled Tuesday Blitz July 4 Early 2023"]
[White "Osmak, Yuliia"]
[Black "Labussiere, Yago"]
[WhiteFideId "14101602"]
[BlackFideId "2186969"]
[WhiteElo "2535"]
[BlackElo "2381"]
[Result "1-0"]
[Round "7"]
[TimeControl "180+2"]
[Date "2023.07.04"]
[WhiteClock "0:00:15"]
[BlackClock "0:00:02"]
[Board "112"]

1. Nf3 Nf6 2. g3 g6 3. Bg2 Bg7 4. O-O O-O 5. c4 d6 6. Nc3 e5 7. d3 Nc6 8. Rb1 a5 9. a3 h6 10. b4 axb4 11. axb4 Be6 12. b5 Ne7 13. Bb2 Qd7 14. Re1 Bh3 15. Bh1 Ng4 16. Nd2 c6 17. Ra1 f5 18. Qb3 Kh8 19. Rxa8 Rxa8 20. Ra1 Rxa1+ 21. Bxa1 Qc7 22. b6 Qd7 23. Qa4 Nc8 24. Qa8 Kh7 25. Na4 Nf6 26. Qb8 f4 27. Bc3 h5 28. c5 h4 29. cxd6 hxg3 30. hxg3 fxg3 31. fxg3 Nh5 32. Ne4 Qg4 33. Bf3 Qd7 34. Nac5 Qd8 35. Qxb7 Nxb6 36. Bxe5 Nd7 37. Bxg7 Kxg7 38. Qxc6 Nxc5 39. Qxc5 Bd7 40. Qd4+ Kh6 41. Qe5 Kh7 42. Qe7+ Qxe7 43. dxe7 Kg7 44. Nd6 Nf6 45. g4 Ne8 46. Nxe8+ Bxe8 47. Bd5 Kf6 48. Kf2 Kxe7 49. g5 Kd6 50. Be4 Ke5 51. Ke3 Bf7 52. d4+ Kd6 53. Kf4 Be8 54. e3 Bf7 55. Bd3 Be8 56. e4 Bf7 57. Be2 Be8 58. Bf3 Bd7 59. e5+ Ke7 60. Be4 Be8 61. d5 Bf7 62. d6+ Ke6 63. Bc2 Be8 64. Bb3+ Kd7 65. Ke4 Kc6 66. Kd4 Bd7 67. Bd5+ Kb6 68. Be4 Be8 69. e6 1-0


[Site "https://www.chess.com"]

[Event "Titled Tuesday Blitz July 4 Early 2023"]
[White "Tikhonov, Viacheslav"]
[Black "Ahn, Hongjin"]
[WhiteFideId "44196407"]
[BlackFideId "13201492"]
[WhiteElo "2534"]
[BlackElo "2380"]
[Result "1-0"]
[Round "7"]
[TimeControl "180+2"]
[Date "2023.07.04"]
[WhiteClock "0:00:08"]
[BlackClock "0:00:00"]
[Board "113"]

1. d4 Nf6 2. c4 g6 3. Nc3 Bg7 4. e4 O-O 5. Be2 d6 6. h4 c5 7. d5 b5 8. cxb5 a6 9. bxa6 Bxa6 10. Bxa6 Rxa6 11. Nf3 Nbd7 12. O-O Ng4 13. h5 Qa5 14. Qc2 Nde5 15. Nxe5 Nxe5 16. h6 Bf6 17. a4 Rb8 18. Ra3 Nc4 19. Rb3 Rxb3 20. Qxb3 Qb4 21. Qc2 Bxc3 22. bxc3 Qxa4 23. Qe2 Ra8 24. f4 Nb6 25. f5 Nd7 26. fxg6 hxg6 27. Bg5 Re8 28. Bf4 Kh7 29. Qf3 Nf6 30. Re1 Ng8 31. e5 dxe5 32. Bxe5 f6 33. Bf4 Qd7 34. Re6 Rd8 35. c4 Qa4 36. Qe4 Qa1+ 37. Kh2 Rd7 38. d6 exd6 39. Qc6 Qa7 40. Qc8 Rf7 41. Re8 g5 42. Rxg8 gxf4 43. Rh8+ Kg6 44. Qg8+ Kf5 45. Qc8+ Qd7 46. Qg8 f3 47. gxf3 d5 48. Qg4+ Ke5 49. Qg3+ Kd4 50. Rg8 dxc4 51. Rg7 c3 52. Qf2+ Kc4 53. Qh4+ Kb3 54. Rxf7 Qxf7 55. h7 1-0


[Site "https://www.chess.com"]

[Event "Titled Tuesday Blitz July 4 Early 2023"]
[White "Demin, Vladimir"]
[Black "Goswami, Vedant"]
[WhiteFideId "4167457"]
[BlackFideId "5003725"]
[WhiteElo "2533"]
[BlackElo "2371"]
[Result "1-0"]
[Round "7"]
[TimeControl "180+2"]
[Date "2023.07.04"]
[WhiteClock "0:02:19"]
[BlackClock "0:00:07"]
[Board "114"]

1. d4 Nf6 2. Nc3 d5 3. Bf4 e6 4. Nb5 Bd6 5. Nxd6+ cxd6 6. e3 Nc6 7. c3 O-O 8. Nf3 Re8 9. Bg3 Ne4 10. Bd3 f5 11. Nd2 e5 12. Qc2 Qf6 13. O-O-O Be6 14. f3 Nxg3 15. hxg3 e4 16. Be2 Rac8 17. Kb1 b5 18. g4 b4 19. gxf5 Bxf5 20. fxe4 Bxe4 21. Nxe4 dxe4 22. Qb3+ Kh8 23. cxb4 h6 24. a3 Ne7 25. Bg4 Qg5 26. Bxc8 Rxc8 27. Qe6 Nd5 28. Qxc8+ 1-0


[Site "https://www.chess.com"]

[Event "Titled Tuesday Blitz July 4 Early 2023"]
[White "Besedes, Danilo"]
[Black "Toolin, Christopher"]
[WhiteFideId "946796"]
[BlackFideId "2024543"]
[WhiteElo "2531"]
[BlackElo "2359"]
[Result "1-0"]
[Round "7"]
[TimeControl "180+2"]
[Date "2023.07.04"]
[WhiteClock "0:01:40"]
[BlackClock "0:00:02"]
[Board "115"]

1. b3 d5 2. Bb2 c5 3. e3 a6 4. Nf3 Nc6 5. d4 Nf6 6. dxc5 Qa5+ 7. Nbd2 Qxc5 8. a3 Bg4 9. b4 Qd6 10. c4 Rd8 11. cxd5 Qxd5 12. Qc2 Bf5 13. Qb3 Qd7 14. Bc4 e6 15. O-O Be7 16. Rad1 Qc7 17. Nd4 Nxd4 18. Bxd4 b5 19. Be2 O-O 20. Rc1 Qb7 21. Bf3 Qb8 22. Qb2 Rd7 23. Nb3 Rfd8 24. Na5 Rxd4 25. exd4 Qf4 26. Qe2 Bd6 27. g3 Qh6 28. Nb7 Rd7 29. Nxd6 1-0


[Site "https://www.chess.com"]

[Event "Titled Tuesday Blitz July 4 Early 2023"]
[White "Rosh Jain"]
[Black "Yelisieiev, Yevhenii"]
[WhiteFideId "25789465"]
[BlackFideId "14139642"]
[WhiteElo "2357"]
[BlackElo "2531"]
[Result "1-0"]
[Round "7"]
[TimeControl "180+2"]
[Date "2023.07.04"]
[WhiteClock "0:00:08"]
[BlackClock "0:00:00"]
[Board "116"]

1. e4 d6 2. d4 Nf6 3. Bd3 e5 4. c3 g6 5. Nf3 Bd7 6. dxe5 dxe5 7. Nxe5 Bg7 8. O-O O-O 9. Nxd7 Nbxd7 10. Be3 Ne5 11. Bc2 Nc4 12. Qc1 Nxe3 13. Qxe3 Ng4 14. Qe2 Qh4 15. h3 Ne5 16. Nd2 Rad8 17. Rad1 Qf4 18. Nc4 Nxc4 19. Qxc4 Be5 20. g3 Qf3 21. Rd5 Rfe8 22. Bd1 Qf6 23. Bb3 c6 24. Rdd1 Qf3 25. h4 h5 26. a4 g5 27. hxg5 Kg7 28. g6 Kxg6 29. Qc5 f6 30. Qc4 Kh6 31. Qf7 h4 32. Rd7 Rxd7 33. Qxd7 Rh8 34. Bd1 Qxe4 35. Qh3 Kg7 36. Qg4+ Qxg4 37. Bxg4 hxg3 38. fxg3 Bxg3 39. Rd1 Rh2 40. Rd7+ Kg6 41. Rxb7 Bf4 42. Rb4 1-0


[Site "https://www.chess.com"]

[Event "Titled Tuesday Blitz July 4 Early 2023"]
[White "Bethke, Richard"]
[Black "Juknis, Paulius"]
[WhiteFideId "12959243"]
[BlackFideId "12802247"]
[WhiteElo "2530"]
[BlackElo "2340"]
[Result "0-1"]
[Round "7"]
[TimeControl "180+2"]
[Date "2023.07.04"]
[WhiteClock "0:00:53"]
[BlackClock "0:00:54"]
[Board "117"]

1. e4 c5 2. Nf3 Nc6 3. d4 cxd4 4. Nxd4 Nf6 5. Nc3 h5 6. Bg5 Qa5 7. Qd2 Nxe4 8. Nxc6 Qxc3 9. Qxc3 Nxc3 10. Nxe7 Bxe7 11. Bxe7 Kxe7 12. bxc3 d6 13. Bd3 Be6 14. Kd2 Rac8 15. a4 Rc7 16. Rab1 Rhc8 17. a5 Bd5 18. Rhe1+ Kf6 19. Be4 Bxe4 20. Rxe4 Rxc3 21. Rxb7 Rxc2+ 22. Ke3 R8c3+ 23. Kd4 Rc4+ 24. Kd3 Rxe4 25. Kxe4 Rxf2 26. g3 Rxh2 27. Rxa7 Ra2 28. Kd5 Ra3 29. Ra8 Rxg3 30. Kxd6 Ra3 31. Kc6 h4 32. Kb6 g5 33. Rg8 h3 34. a6 Kf5 35. a7 Rxa7 36. Kxa7 g4 37. Kb6 h2 38. Rh8 g3 39. Kc6 g2 40. Rxh2 g1=Q 41. Rh5+ Kg6 42. Rh8 Qc1+ 43. Kd7 Qd2+ 44. Ke7 Qg5+ 45. Kd7 Qd5+ 46. Kc8 Qc4+ 47. Kb7 Qb3+ 48. Ka6 Qa2+ 49. Kb7 Qb2+ 0-1


[Site "https://www.chess.com"]

[Event "Titled Tuesday Blitz July 4 Early 2023"]
[White "Castillo Sevilla, Ian Eiffel"]
[Black "Kuzmin, Roman"]
[WhiteFideId "6104207"]
[BlackFideId "44134932"]
[WhiteElo "2328"]
[BlackElo "2529"]
[Result "0-1"]
[Round "7"]
[TimeControl "180+2"]
[Date "2023.07.04"]
[WhiteClock "0:00:00"]
[BlackClock "0:00:35"]
[Board "118"]

1. d4 Nf6 2. Bf4 e6 3. e3 d5 4. Nf3 c5 5. c3 Nc6 6. Nbd2 Bd6 7. Ne5 Bxe5 8. dxe5 Nd7 9. Qg4 g6 10. Nf3 h5 11. Qg3 Qb6 12. O-O-O Qa5 13. Kb1 b5 14. e4 d4 15. cxd4 cxd4 16. Nxd4 Nxd4 17. Rxd4 Qe1+ 18. Bc1 Bb7 19. Qe3 Qxe3 20. Bxe3 a6 21. f4 Nc5 22. Be2 Bxe4+ 23. Ka1 Bxg2 24. Rc1 Nd7 25. Rc7 Bd5 26. Bf3 Bxf3 27. Rdxd7 O-O 28. b3 Rac8 29. Rxf7 Rxf7 30. Rxc8+ Kg7 31. Kb2 Rd7 32. a4 bxa4 33. bxa4 Rb7+ 34. Ka3 Bd5 35. Rc3 Rb1 36. Bc1 Kf7 37. Rc7+ Ke8 38. Bb2 Rf1 39. Rc2 Rxf4 40. Bc3 g5 0-1


[Site "https://www.chess.com"]

[Event "Titled Tuesday Blitz July 4 Early 2023"]
[White "Shvedova, Alexandra"]
[Black "Rodriguez Santiago, Jaime"]
[WhiteFideId "54154782"]
[BlackFideId "3100898"]
[WhiteElo "2527"]
[BlackElo "2328"]
[Result "1-0"]
[Round "7"]
[TimeControl "180+2"]
[Date "2023.07.04"]
[WhiteClock "0:00:40"]
[BlackClock "0:00:20"]
[Board "119"]

1. d4 Nf6 2. c4 e6 3. Nf3 d5 4. g3 dxc4 5. Bg2 c5 6. O-O Nc6 7. dxc5 Qxd1 8. Rxd1 Bxc5 9. Na3 c3 10. bxc3 O-O 11. Rb1 Ne4 12. Rf1 Nxc3 13. Rb3 Nxe2+ 14. Kh1 Nxc1 15. Rxc1 Bxf2 16. Nb5 e5 17. Nc7 Rb8 18. Rxc6 e4 19. Ne5 e3 20. Rc2 Bf5 21. Nd3 Rfc8 22. Bf3 Rd8 23. Nd5 Rbc8 24. Ne7+ Kf8 25. Nxc8 Bxd3 26. Rxd3 Rxd3 27. Kg2 a6 28. Bxb7 f5 29. Bxa6 Ra3 30. Be2 g5 31. Kf3 h5 32. h3 Kf7 33. Nd6+ Ke6 34. Nb5 Ra5 35. Nd4+ Ke5 36. Nc6+ Kf6 37. Nxa5 g4+ 38. hxg4 hxg4+ 39. Kg2 Kg5 40. Nc4 f4 41. gxf4+ Kxf4 42. a4 1-0


[Site "https://www.chess.com"]